Bears vs Devils

Created - Thursday, November 19, 2015 at 03:10

Goals
1 2 3 OT1 SO T
Bears 0 1 0 0 2 2
Devils 0 1 0 0 1 1
Shots
1 2 3 OT1 SO T
Bears 7 14 6 4 5 31
Devils 8 17 13 0 5 38

1st period

No Goal

Penalties :
Garrett Thompson (ALB) for Fighting (Major) at 12:16, Tyler Brown (Her) for Fighting (Major) at 12:16

2nd period

1. Devils , John Ramage 1 (Tom Kuhnhackl, Darren Archibald) at 15:21
2. Bears , Jeremy Langlois 3 (Kyle Cumiskey, Brett Sutter) at 18:35

Penalties :
Steve Oleksy (Her) for Tripping (Minor) at 5:07, Garrett Thompson (ALB) for Fighting (Major) at 11:27, Stefan Matteau (Her) for Fighting (Major) at 11:27, Garrett Thompson (ALB) for Fighting (Major / Game Misconduct) at 18:20, Justin Florek (Her) for Fighting (Major) at 18:20, Garrett Thompson (ALB) for instigated a fight (Minor) at 18:20, Garrett Thompson (ALB) for instigated a fight (10 Minutes Misconduct) at 18:20

3rd period

No Goal

Penalties :
Matthew Ford (ALB) for Fighting (Major) at 3:29, Brett Sutter (Her) for Fighting (Major) at 3:29, Gabriel Beaupre (ALB) for Fighting (Major) at 7:49, Tyler Brown (Her) for Fighting (Major) at 7:49, Luke Adam (Her) for Hooking (Minor) at 11:12

Overtime #1

No Goal

Penalties :
No Penalty

Shootout

Penalty Shot by Jeremy Langlois for Bears - Stopped by Anthony Stolarz
Penalty Shot by Tom Kuhnhackl for Devils - Goal!
Penalty Shot by Stefan Matteau for Bears - Goal!
Penalty Shot by Justin Dowling for Devils - Stopped by John Gibson
Penalty Shot by Brett Sutter for Bears - Stopped by Anthony Stolarz
Penalty Shot by Chris Mueller for Devils - Stopped by John Gibson
Penalty Shot by Justin Florek for Bears - Stopped by Anthony Stolarz
Penalty Shot by Jordan Martinook for Devils - Stopped by John Gibson
Penalty Shot by Chad LaRose for Bears - Goal!
Penalty Shot by Matthew Ford for Devils - Stopped by John Gibson

Penalties :
No Penalty

Goalie Stats

John Gibson (Her), 37 saves from 38 shots - (0.974), W, 3-7-2, 65:00 minutes
Anthony Stolarz (ALB), 30 saves from 31 shots - (0.968), OTL, 7-3-6, 65:00 minutes

Players Stats for Bears

Player Name              G  A  P  +/- PIM S  H  SB GA TA FO     MP     PP MP  PK MP  
------------------------------------------------------------------------------------
Andreas Athanasiou       0  0  0   0  0   5  0  0  1  1  0/0    10:18   0:00   0:00 
Ben Youds                0  0  0  -1  0   2  1  2  0  1  0/0    22:57   0:00   2:25 
Brad Mills               0  0  0   0  0   0  1  0  0  0  0/1     2:38   0:00   0:00 
Brett Sutter             0  1  1   1  5   2  4  0  0  0  6/13   21:04   0:00   0:00 
Chad LaRose              0  0  0  -1  0   2  1  1  4  0  5/9    22:58   0:00   3:23 
David Dziurzynski        0  0  0   0  0   0  0  0  0  0  0/0     0:40   0:00   0:00 
FARM PLAYER12            0  0  0  -1  0   0  0  0  0  1  0/2    20:54   0:00   2:07 
Jeremy Langlois          1  0  1   1  0   2  0  2  3  2  0/1    12:49   0:00   0:00 
Justin Florek            0  0  0   0  5   2  0  1  0  0  0/0    20:26   0:00   0:00 
Kevin Henderson          0  0  0   0  0   3  2  0  1  0  1/1    16:58   0:00   0:35 
Kyle Cumiskey            0  1  1   1  0   1  1  1  0  3  0/0    28:07   0:00   1:33 
Ludwig Bystrom           0  0  0   0  0   0  3  2  1  3  0/0    13:55   0:00   0:00 
Luke Adam                0  0  0  -1  2   2  2  0  4  0  5/14   16:49   0:00   0:00 
Maxim Noreau             0  0  0   1  0   3  1  1  1  3  0/0    28:07   0:00   1:33 
Maxime Macenauer         0  0  0   0  0   1  2  1  1  0  4/8    14:06   0:00   0:00 
Stefan Matteau           0  0  0   1  5   5  3  0  4  1  1/2    24:08   0:00   3:23 
Steve Oleksy             0  0  0  -1  2   1  1  0  1  0  0/0    21:43   0:00   0:53 
Tyler Brown              0  0  0   0  10  0  3  1  0  1  2/6    17:36   0:00   0:23 

Players Stats for Devils

Player Name              G  A  P  +/- PIM S  H  SB GA TA FO     MP     PP MP  PK MP  
------------------------------------------------------------------------------------
Chris Mueller            0  0  0  -1  0   3  3  0  4  2  3/4    22:01   2:27   0:00 
Colin Miller             0  0  0   1  0   4  0  0  3  3  0/0    31:42   2:29   0:00 
Darren Archibald         0  1  1   1  0   2  5  0  1  0  5/8    12:10   0:00   0:00 
Darroll Powe             0  0  0   0  0   1  2  0  3  0  0/0    18:32   1:31   0:00 
Gabriel Beaupre          0  0  0   0  5   0  1  0  0  0  0/0    15:49   0:48   0:00 
Garrett Thompson         0  0  0   0  37  0  1  1  0  2  0/0    11:09   1:11   0:00 
Joel Hanley              0  0  0   0  0   1  1  1  1  0  0/0    22:25   1:59   0:00 
John Ramage              1  0  1   0  0   5  3  2  1  2  0/0    27:35   0:00   0:00 
Jordan Martinook         0  0  0  -1  0   3  1  0  4  0  11/21  19:17   2:27   0:00 
Justin Dowling           0  0  0  -1  0   7  3  1  3  0  1/3    22:01   2:27   0:00 
Matthew Ford             0  0  0   0  5   1  5  0  1  0  5/12   16:02   1:31   0:00 
Rod Pelley               0  0  0   1  0   1  2  0  1  0  0/0     9:58   0:00   0:00 
Scooter Vaughan          0  0  0   0  0   1  2  0  1  0  0/0    15:20   0:00   0:00 
Sean Collins             0  0  0   0  0   1  4  0  0  1  1/1    17:56   1:31   0:00 
Sena Acolatse            0  0  0  -1  0   1  1  0  2  1  0/0    18:46   1:29   0:00 
Tom Kuhnhackl            0  1  1   1  0   2  1  0  3  0  1/1    13:27   0:00   0:00 
Yanni Gourde             0  0  0   0  0   3  0  0  2  1  5/6    12:48   0:00   0:00 
Zach O'Brien             0  0  0   0  0   2  0  0  2  3  1/1    12:52   0:00   0:00 

3 Stars

1 - John Gibson (Her)
2 - Anthony Stolarz (ALB)
3 - John Ramage (ALB)

Power Play

Bears - 0 on 1 Attempt(s) - 0.00%
Devils - 0 on 2 Attempt(s) - 0.00%

Penalty Kill

Bears - 2 on 2 Attempt(s) - 100.00% - Score 0 goal in Penalty Kill
Devils - 1 on 1 Attempt(s) - 100.00% - Score 0 goal in Penalty Kill

Team Stat

Bears - Hits : 25 - Faceoff Wins : 24 - Blocked Shots : 12 - Penalty Minutes : 29
Devils - Hits : 35 - Faceoff Wins : 33 - Blocked Shots : 5 - Penalty Minutes : 47

Official

Referees : Unknown
Linesman : Unknown

Game Notes

Garrett Thompson beats up Tyler Brown at 12:16 of 1st period
Garrett Thompson and Stefan Matteau fight to a draw at 11:27 of 2nd period
Justin Florek beats up Garrett Thompson at 18:20 of 2nd period
Garrett Thompson ejected from game at 18:20 of 2nd period
Brett Sutter beats up Matthew Ford at 3:29 of 3rd period
Andreas Athanasiou is injured at 6:34 of 3rd period (Left Knee)
Gabriel Beaupre beats up Tyler Brown at 7:49 of 3rd period

Finance

Level 1 -- Attendance: 1582 (79.10%) -- Ticket Income $55,370
Level 2 -- Attendance: 778 (77.80%) -- Ticket Income $11,670
Total Attendance: 2360 (78.67%)
Total Ticket Income: $67,040
Other Income: $32,850
Total Income: $99,890

Bears

5 vs 5 Forward 
   Center                   Left Wing                Right Wing               Time % Phy DF OF 
 1 Luke Adam                Stefan Matteau           Chad LaRose              35     1   2  2  
 2 Brett Sutter             Justin Florek            Jeremy Langlois          30     1   2  2  
 3 Tyler Brown              Andreas Athanasiou       Brett Sutter             22     1   2  2  
 4 Maxime Macenauer         Kevin Henderson          Justin Florek            13     1   2  2  

5 vs 5 Defense 
   Defense                  Defense                                           Time % Phy DF OF 
 1 Maxim Noreau             Kyle Cumiskey                                     35     1   2  2  
 2 Ben Youds                Steve Oleksy                                      30     1   2  2  
 3 Ludwig Bystrom           FARM PLAYER12                                     22     1   2  2  
 4 Maxim Noreau             Kyle Cumiskey                                     13     1   2  2  

PowerPlay Forward 
   Center                   Left Wing                Right Wing               Time % Phy DF OF 
 1 Luke Adam                Stefan Matteau           Chad LaRose              60     1   2  2  
 2 Brett Sutter             Justin Florek            Jeremy Langlois          40     1   2  2  

PowerPlay Defense
   Defense                  Defense                                           Time % Phy DF OF 
 1 Maxim Noreau             Kyle Cumiskey                                     60     1   2  2  
 2 Ben Youds                Steve Oleksy                                      40     1   2  2  

Penalty Kill 4 Players Forward 
   Center                   Wing                     Time % Phy DF OF 
 1 Chad LaRose              Stefan Matteau           60     1   2  2  
 2 Brett Sutter             Justin Florek            40     1   2  2  

Penalty Kill 4 Players Defense
   Defense                  Defense                  Time % Phy DF OF 
 1 Maxim Noreau             Kyle Cumiskey            60     1   2  2  
 2 Ben Youds                Steve Oleksy             40     1   2  2  

Penalty Kill - 3 Players Forward 
   Forward                                           Time % Phy DF OF 
 1 Brett Sutter                                      60     1   2  2  
 2 Stefan Matteau                                    40     1   2  2  

Penalty Kill - 3 Players Defense
   Defense                  Defense                  Time % Phy DF OF 
 1 Maxim Noreau             Kyle Cumiskey            60     1   2  2  
 2 Ben Youds                Steve Oleksy             40     1   2  2  

4 vs 4 Forward 
   Center                   Wing                     Time % Phy DF OF 
 1 Chad LaRose              Stefan Matteau           60     1   2  2  
 2 Brett Sutter             Justin Florek            40     1   2  2  

4 vs 4 Defense
   Defense                  Defense                  Time % Phy DF OF 
 1 Maxim Noreau             Kyle Cumiskey            60     1   2  2  
 2 Ben Youds                Steve Oleksy             40     1   2  2  

Last Minutes Offensive
   Center                   Left Wing                Right Wing               Defense                  Defense                  
   Luke Adam                Stefan Matteau           Chad LaRose              Maxim Noreau             Kyle Cumiskey            

Last Minutes Defensive
   Center                   Left Wing                Right Wing               Defense                  Defense                  
   Luke Adam                Stefan Matteau           Chad LaRose              Maxim Noreau             Kyle Cumiskey            

Goaltenders
Starting : John Gibson              
Backup : FARM GOALIE1             

Extra Forwards
Normal : Stefan Matteau, Tyler Brown, Andreas Athanasiou - PP : Stefan Matteau, Tyler Brown - PK : Andreas Athanasiou
Extra Defensemen
Normal : Ludwig Bystrom, FARM PLAYER12, Ben Youds - PP : Ludwig Bystrom - PK : FARM PLAYER12, Ben Youds
Penalty Shots
Andreas Athanasiou, Stefan Matteau, Brett Sutter, Justin Florek, Chad LaRose

Devils

5 vs 5 Forward 
   Center                   Left Wing                Right Wing               Time % Phy DF OF 
 1 Jordan Martinook         Justin Dowling           Chris Mueller            35     1   2  2  
 2 Matthew Ford             Darroll Powe             Sean Collins             30     1   2  2  
 3 Yanni Gourde             Zach O'Brien             Scooter Vaughan          22     1   2  2  
 4 Darren Archibald         Rod Pelley               Tom Kuhnhackl            13     1   2  2  

5 vs 5 Defense 
   Defense                  Defense                                           Time % Phy DF OF 
 1 Colin Miller             Garrett Thompson                                  35     1   2  2  
 2 John Ramage              Sena Acolatse                                     30     1   2  2  
 3 Gabriel Beaupre          Joel Hanley                                       22     1   2  2  
 4 Colin Miller             Garrett Thompson                                  13     1   2  2  

PowerPlay Forward 
   Center                   Left Wing                Right Wing               Time % Phy DF OF 
 1 Chris Mueller            Justin Dowling           Jordan Martinook         60     1   2  2  
 2 Matthew Ford             Sean Collins             Darroll Powe             40     1   2  2  

PowerPlay Defense
   Defense                  Defense                                           Time % Phy DF OF 
 1 Colin Miller             Garrett Thompson                                  60     1   2  2  
 2 Sena Acolatse            Gabriel Beaupre                                   40     1   2  2  

Penalty Kill 4 Players Forward 
   Center                   Wing                     Time % Phy DF OF 
 1 Jordan Martinook         Chris Mueller            60     1   2  2  
 2 Justin Dowling           Yanni Gourde             40     1   2  2  

Penalty Kill 4 Players Defense
   Defense                  Defense                  Time % Phy DF OF 
 1 Garrett Thompson         Colin Miller             60     1   2  2  
 2 Joel Hanley              Scooter Vaughan          40     1   2  2  

Penalty Kill - 3 Players Forward 
   Forward                                           Time % Phy DF OF 
 1 Jordan Martinook                                  60     1   2  2  
 2 Darren Archibald                                  40     1   2  2  

Penalty Kill - 3 Players Defense
   Defense                  Defense                  Time % Phy DF OF 
 1 Garrett Thompson         Colin Miller             60     1   2  2  
 2 John Ramage              Joel Hanley              40     1   2  2  

4 vs 4 Forward 
   Center                   Wing                     Time % Phy DF OF 
 1 Justin Dowling           Chris Mueller            60     1   2  2  
 2 Scooter Vaughan          Zach O'Brien             40     1   2  2  

4 vs 4 Defense
   Defense                  Defense                  Time % Phy DF OF 
 1 Colin Miller             Garrett Thompson         60     1   2  2  
 2 Gabriel Beaupre          Sena Acolatse            40     1   2  2  

Last Minutes Offensive
   Center                   Left Wing                Right Wing               Defense                  Defense                  
   Jordan Martinook         Chris Mueller            Justin Dowling           Colin Miller             Garrett Thompson         

Last Minutes Defensive
   Center                   Left Wing                Right Wing               Defense                  Defense                  
   Jordan Martinook         Chris Mueller            Justin Dowling           Colin Miller             Garrett Thompson         

Goaltenders
Starting : Anthony Stolarz          
Backup : Jason Missiaen           

Extra Forwards
Normal : Tom Kuhnhackl, Justin Dowling, Chris Mueller - PP : Jordan Martinook, Matthew Ford - PK : Rod Pelley
Extra Defensemen
Normal : Garrett Thompson, John Ramage, Colin Miller - PP : Garrett Thompson - PK : Gabriel Beaupre, Colin Miller
Penalty Shots
Tom Kuhnhackl, Justin Dowling, Chris Mueller, Jordan Martinook, Matthew Ford

% Time on Ice - Bears

Lines # - Real PCT - Wanted PCT - Time Play
Normal Forward
1 - 32% - 35% - 17:43
2 - 23% - 30% - 12:49
3 - 20% - 22% - 11:24
4 - 25% - 13% - 14:06
Normal Defense
1 - 33% - 35% - 18:21
2 - 33% - 30% - 18:29
3 - 25% - 22% - 13:55
4 - 9% - 13% - 5:17
PP Forward
1 - 0% - 60%
2 - 0% - 40%
PP Defense
1 - 0% - 60%
2 - 0% - 40%
PK Forward
1 - 100% - 60% - 3:58
2 - 0% - 40% - 0:00
PK Defense
1 - 39% - 60% - 1:33
2 - 61% - 40% - 2:25
PK3 Forward
1 - 0% - 60%
2 - 0% - 40%
PK3 Defense
1 - 0% - 60%
2 - 0% - 40%
44 Forward
1 - 89% - 60% - 4:28
2 - 11% - 40% - 0:32
44 Defense
1 - 59% - 60% - 2:57
2 - 41% - 40% - 2:03
Last Minute Offensive  - 0:00
Last Minute Defensive  - 0:00
Total
Forward - 65:00
Defense - 65:00

% Time on Ice - Devils

Lines # - Real PCT - Wanted PCT - Time Play
Normal Forward
1 - 30% - 35% - 16:51
2 - 29% - 30% - 16:25
3 - 23% - 22% - 12:48
4 - 18% - 13% - 9:58
Normal Defense
1 - 37% - 35% - 20:36
2 - 27% - 30% - 15:08
3 - 25% - 22% - 13:59
4 - 11% - 13% - 6:19
PP Forward
1 - 62% - 60% - 2:27
2 - 38% - 40% - 1:31
PP Defense
1 - 63% - 60% - 2:29
2 - 37% - 40% - 1:29
PK Forward
1 - 0% - 60%
2 - 0% - 40%
PK Defense
1 - 0% - 60%
2 - 0% - 40%
PK3 Forward
1 - 0% - 60%
2 - 0% - 40%
PK3 Defense
1 - 0% - 60%
2 - 0% - 40%
44 Forward
1 - 99% - 60% - 4:56
2 - 1% - 40% - 0:04
44 Defense
1 - 57% - 60% - 2:51
2 - 43% - 40% - 2:09
Last Minute Offensive  - 0:00
Last Minute Defensive  - 0:00
Total
Forward - 65:00
Defense - 65:00

Play by Play

1st period


0:01 of 1st period - Jordan Martinook wins face-off versus Luke Adam in neutral zone.
0:10 of 1st period - Snap shot by Chris Mueller.
0:10 of 1st period - Shot Misses the Net.
0:18 of 1st period - Chris Mueller is hit by Stefan Matteau and loses puck.
0:33 of 1st period - Slapshot by Stefan Matteau.
0:33 of 1st period - Shot Misses the Net.
0:35 of 1st period - Snap shot by Luke Adam.
0:35 of 1st period - Shot Blocked by Garrett Thompson.
0:37 of 1st period - Slapshot by Stefan Matteau.
0:37 of 1st period - Stopped by Anthony Stolarz with a rebound.
0:49 of 1st period - Colin Miller is hit by Kyle Cumiskey and loses puck.
0:54 of 1st period - Wrist shot by Justin Florek.
0:54 of 1st period - Stopped by Anthony Stolarz with a rebound.
1:01 of 1st period - Icing by Jordan Martinook.
1:02 of 1st period - Jordan Martinook wins face-off versus Tyler Brown in Devils zone.
1:21 of 1st period - Snap shot by Andreas Athanasiou.
1:21 of 1st period - Stopped by Anthony Stolarz without a rebound.
1:22 of 1st period - Tyler Brown wins face-off versus Matthew Ford in Devils zone.
2:13 of 1st period - Scooter Vaughan is hit by Ludwig Bystrom and loses puck.
3:06 of 1st period - Snap shot by Luke Adam.
3:06 of 1st period - Stopped by Anthony Stolarz with a rebound.
3:08 of 1st period - Slapshot by Maxim Noreau.
3:08 of 1st period - Stopped by Anthony Stolarz without a rebound.
3:09 of 1st period - Brett Sutter wins face-off versus Jordan Martinook in Devils zone.
4:14 of 1st period - Wrist shot by Darroll Powe.
4:14 of 1st period - Shot Misses the Net.
4:46 of 1st period - Snap shot by Zach O'Brien.
4:46 of 1st period - Stopped by John Gibson with a rebound.
5:09 of 1st period - Icing by Joel Hanley.
5:10 of 1st period - Yanni Gourde wins face-off versus Maxime Macenauer in Devils zone.
5:33 of 1st period - Slapshot by Colin Miller.
5:33 of 1st period - Stopped by John Gibson without a rebound.
5:34 of 1st period - Luke Adam wins face-off versus Darren Archibald in Bears zone.
6:29 of 1st period - Justin Dowling is hit by Brett Sutter and loses puck.
7:17 of 1st period - Stefan Matteau is hit by Matthew Ford and loses puck.
7:53 of 1st period - Gabriel Beaupre is hit by Brett Sutter and loses puck.
8:08 of 1st period - Garrett Thompson is hit by Tyler Brown and loses puck.
8:31 of 1st period - Rod Pelley is hit by Ben Youds and loses puck.
9:02 of 1st period - Andreas Athanasiou is hit by Chris Mueller and loses puck.
10:17 of 1st period - Slapshot by Colin Miller.
10:17 of 1st period - Stopped by John Gibson with a rebound.
10:32 of 1st period - Colin Miller is hit by Ludwig Bystrom and loses puck.
10:47 of 1st period - Icing by Kevin Henderson.
10:48 of 1st period - Kevin Henderson wins face-off versus Jordan Martinook in Bears zone.
10:55 of 1st period - Wrist shot by Justin Dowling.
10:55 of 1st period - Stopped by John Gibson without a rebound.
10:56 of 1st period - Maxime Macenauer wins face-off versus Jordan Martinook in Bears zone.
11:01 of 1st period - Snap shot by Justin Dowling.
11:01 of 1st period - Stopped by John Gibson without a rebound.
11:02 of 1st period - Brett Sutter wins face-off versus Jordan Martinook in Bears zone.
11:07 of 1st period - Brett Sutter is hit by John Ramage.
11:11 of 1st period - Wrist shot by Justin Dowling.
11:11 of 1st period - Shot Misses the Net.
11:13 of 1st period - Backhand shot by Sena Acolatse.
11:13 of 1st period - Shot Blocked by Ben Youds.
11:15 of 1st period - Snap shot by Chris Mueller.
11:15 of 1st period - Stopped by John Gibson with a rebound.
11:17 of 1st period - Snap shot by Justin Dowling.
11:17 of 1st period - Shot Misses the Net.
11:19 of 1st period - Snap shot by Jordan Martinook.
11:19 of 1st period - Stopped by John Gibson with a rebound.
12:01 of 1st period - Slapshot by Colin Miller.
12:01 of 1st period - Shot Misses the Net.
12:16 of 1st period - Garrett Thompson beats up Tyler Brown.
12:16 of 1st period - Penalty to Garrett Thompson for Fighting.
12:16 of 1st period - Penalty to Tyler Brown for Fighting.
12:17 of 1st period - Yanni Gourde wins face-off versus Luke Adam in Bears zone.
12:50 of 1st period - Justin Florek is hit by Scooter Vaughan and loses puck.
13:26 of 1st period - Ludwig Bystrom is hit by Darroll Powe.
14:39 of 1st period - Ben Youds is hit by Rod Pelley and loses puck.
15:04 of 1st period - Icing by Rod Pelley.
15:05 of 1st period - Darren Archibald wins face-off versus FARM PLAYER12 in Devils zone.
16:28 of 1st period - Slapshot by Steve Oleksy.
16:28 of 1st period - Stopped by Anthony Stolarz with a rebound.
16:30 of 1st period - Wrist shot by Maxime Macenauer.
16:30 of 1st period - Stopped by Anthony Stolarz with a rebound.
16:49 of 1st period - Icing by Maxime Macenauer.
16:50 of 1st period - Matthew Ford wins face-off versus Maxime Macenauer in Bears zone.
17:48 of 1st period - Tyler Brown is hit by Darren Archibald and loses puck.
18:41 of 1st period - Luke Adam is hit by Garrett Thompson and loses puck.
19:43 of 1st period - Zach O'Brien is hit by Chad LaRose and loses puck.
19:50 of 1st period - Snap shot by Yanni Gourde.
19:50 of 1st period - Stopped by John Gibson with a rebound.
19:57 of 1st period - Snap shot by Zach O'Brien.
19:57 of 1st period - Shot Blocked by Maxim Noreau.
Goals for this period are 0 for Bears vs 0 for Devils.
Shots for this period are 7 for Bears vs 8 for Devils.

2nd period


0:01 of 2nd period - Brett Sutter wins face-off versus Jordan Martinook in neutral zone.
0:50 of 2nd period - Matthew Ford is hit by Maxim Noreau and loses puck.
1:12 of 2nd period - Sean Collins is hit by Stefan Matteau and loses puck.
2:08 of 2nd period - Snap shot by Yanni Gourde.
2:08 of 2nd period - Stopped by John Gibson with a rebound.
2:10 of 2nd period - Slapshot by Sena Acolatse.
2:10 of 2nd period - Stopped by John Gibson with a rebound.
2:29 of 2nd period - Maxime Macenauer is hit by Sena Acolatse and loses puck.
2:41 of 2nd period - Kyle Cumiskey is hit by Darren Archibald and loses puck.
3:38 of 2nd period - Brett Sutter is hit by Chris Mueller and loses puck.
3:49 of 2nd period - Wrist shot by Colin Miller.
3:49 of 2nd period - Shot Misses the Net.
3:51 of 2nd period - Snap shot by Garrett Thompson.
3:51 of 2nd period - Shot Blocked by Justin Florek.
3:53 of 2nd period - Wrist shot by Matthew Ford.
3:53 of 2nd period - Stopped by John Gibson with a rebound.
3:55 of 2nd period - Snap shot by Sean Collins.
3:55 of 2nd period - Shot Misses the Net.
4:07 of 2nd period - Wrist shot by Matthew Ford.
4:07 of 2nd period - Shot Blocked by Jeremy Langlois.
4:33 of 2nd period - Snap shot by Scooter Vaughan.
4:33 of 2nd period - Stopped by John Gibson without a rebound.
4:34 of 2nd period - Luke Adam wins face-off versus Darren Archibald in Bears zone.
4:54 of 2nd period - Ben Youds is hit by Darren Archibald and loses puck.
5:07 of 2nd period - Minor Penalty to Steve Oleksy for Tripping.
5:08 of 2nd period - Chad LaRose wins face-off versus Chris Mueller in Bears zone.
5:23 of 2nd period - Wrist shot by Jordan Martinook.
5:23 of 2nd period - Shot Misses the Net.
5:41 of 2nd period - Icing by Justin Dowling.
5:42 of 2nd period - Chad LaRose wins face-off versus Jordan Martinook in Devils zone.
5:43 of 2nd period - Snap shot by Stefan Matteau.
5:43 of 2nd period - Stopped by Anthony Stolarz with a rebound.
5:45 of 2nd period - Wrist shot by Stefan Matteau.
5:45 of 2nd period - Stopped by Anthony Stolarz with a rebound.
5:47 of 2nd period - Wrist shot by Stefan Matteau.
5:47 of 2nd period - Shot Misses the Net.
5:49 of 2nd period - Snap shot by Ben Youds.
5:49 of 2nd period - Stopped by Anthony Stolarz without a rebound.
5:50 of 2nd period - Chad LaRose wins face-off versus Matthew Ford in Devils zone.
6:15 of 2nd period - Stefan Matteau is hit by Sean Collins and loses puck.
7:07 of 2nd period - Penalty to Steve Oleksy is over, Steve Oleksy is back on ice.
7:18 of 2nd period - Stefan Matteau is hit by Sean Collins and loses puck.
8:01 of 2nd period - Maxime Macenauer is hit by Scooter Vaughan and loses puck.
8:24 of 2nd period - Slapshot by Darren Archibald.
8:24 of 2nd period - Shot Misses the Net.
8:36 of 2nd period - Slapshot by Darren Archibald.
8:36 of 2nd period - Shot Misses the Net.
8:38 of 2nd period - Slapshot by Joel Hanley.
8:38 of 2nd period - Deflect By Tyler Brown.
8:38 of 2nd period - Stopped by John Gibson without a rebound.
8:39 of 2nd period - Jordan Martinook wins face-off versus Jeremy Langlois in Bears zone.
8:40 of 2nd period - Slapshot by Colin Miller.
8:40 of 2nd period - Stopped by John Gibson with a rebound.
8:42 of 2nd period - Slapshot by Colin Miller.
8:42 of 2nd period - Shot Misses the Net.
8:58 of 2nd period - Snap shot by Chris Mueller.
8:58 of 2nd period - Deflect By Justin Dowling.
8:58 of 2nd period - Shot Blocked by Jeremy Langlois.
8:58 of 2nd period - Puck is out of play.
8:59 of 2nd period - Chris Mueller wins face-off versus Brett Sutter in Bears zone.
9:04 of 2nd period - Wrist shot by Justin Dowling.
9:04 of 2nd period - Stopped by John Gibson with a rebound.
9:06 of 2nd period - Snap shot by Jordan Martinook.
9:06 of 2nd period - Shot Misses the Net.
9:10 of 2nd period - Snap shot by Justin Dowling.
9:10 of 2nd period - Shot Misses the Net.
9:12 of 2nd period - Wrist shot by Chris Mueller.
9:12 of 2nd period - Shot Misses the Net.
9:42 of 2nd period - Jeremy Langlois is hit by Gabriel Beaupre and loses puck.
10:34 of 2nd period - Wrist shot by Andreas Athanasiou.
10:34 of 2nd period - Stopped by Anthony Stolarz with a rebound.
10:36 of 2nd period - Slapshot by Maxim Noreau.
10:36 of 2nd period - Deflect By Matthew Ford.
10:36 of 2nd period - Stopped by Anthony Stolarz with a rebound.
10:38 of 2nd period - Wrist shot by Tyler Brown.
10:38 of 2nd period - Shot Misses the Net.
10:40 of 2nd period - Wrist shot by Andreas Athanasiou.
10:40 of 2nd period - Stopped by Anthony Stolarz with a rebound.
10:42 of 2nd period - Slapshot by Kyle Cumiskey.
10:42 of 2nd period - Shot Blocked by John Ramage.
10:44 of 2nd period - Snap shot by Andreas Athanasiou.
10:44 of 2nd period - Stopped by Anthony Stolarz with a rebound.
10:46 of 2nd period - Slapshot by Maxim Noreau.
10:46 of 2nd period - Stopped by Anthony Stolarz without a rebound.
10:47 of 2nd period - Darren Archibald wins face-off versus Maxime Macenauer in Devils zone.
10:47 of 2nd period - Darren Archibald is hit by Kevin Henderson.
10:53 of 2nd period - Kevin Henderson is hit by Rod Pelley and loses puck.
11:02 of 2nd period - Slapshot by Colin Miller.
11:02 of 2nd period - Shot Blocked by Tyler Brown.
11:04 of 2nd period - Slapshot by Garrett Thompson.
11:04 of 2nd period - Shot Blocked by Ben Youds.
11:27 of 2nd period - Garrett Thompson and Stefan Matteau fight to a draw.
11:27 of 2nd period - Penalty to Garrett Thompson for Fighting.
11:27 of 2nd period - Penalty to Stefan Matteau for Fighting.
11:28 of 2nd period - Jordan Martinook wins face-off versus Luke Adam in Devils zone.
11:28 of 2nd period - Jordan Martinook is hit by Tyler Brown.
12:07 of 2nd period - Icing by Jordan Martinook.
12:08 of 2nd period - Maxime Macenauer wins face-off versus Jordan Martinook in Devils zone.
12:19 of 2nd period - Wrist shot by Maxime Macenauer.
12:19 of 2nd period - Shot Blocked by John Ramage.
12:33 of 2nd period - Snap shot by Sean Collins.
12:33 of 2nd period - Stopped by John Gibson with a rebound.
12:38 of 2nd period - Icing by Steve Oleksy.
12:39 of 2nd period - Maxime Macenauer wins face-off versus Matthew Ford in Bears zone.
12:46 of 2nd period - Matthew Ford is hit by Maxime Macenauer and loses puck.
12:56 of 2nd period - Icing by Colin Miller.
12:57 of 2nd period - Luke Adam wins face-off versus Matthew Ford in Devils zone.
13:05 of 2nd period - Slapshot by Kyle Cumiskey.
13:05 of 2nd period - Shot Misses the Net.
13:07 of 2nd period - Slapshot by Maxim Noreau.
13:07 of 2nd period - Shot Misses the Net.
14:05 of 2nd period - Wrist shot by Yanni Gourde.
14:05 of 2nd period - Shot Misses the Net.
14:31 of 2nd period - Wrist shot by Luke Adam.
14:31 of 2nd period - Stopped by Anthony Stolarz with a rebound.
14:53 of 2nd period - Snap shot by Kevin Henderson.
14:53 of 2nd period - Stopped by Anthony Stolarz with a rebound.
14:55 of 2nd period - Wrist shot by Andreas Athanasiou.
14:55 of 2nd period - Stopped by Anthony Stolarz with a rebound.
15:19 of 2nd period - Wrist shot by Tom Kuhnhackl.
15:19 of 2nd period - Stopped by John Gibson with a rebound.
15:21 of 2nd period - Snap shot by John Ramage.
15:21 of 2nd period - Goal by John Ramage - Bears : 0 - Devils : 1.
15:22 of 2nd period - Brett Sutter wins face-off versus Matthew Ford in neutral zone.
15:51 of 2nd period - Slapshot by Colin Miller.
15:51 of 2nd period - Shot Blocked by Kyle Cumiskey.
16:20 of 2nd period - Slapshot by Zach O'Brien.
16:20 of 2nd period - Shot Misses the Net.
16:42 of 2nd period - Ben Youds is hit by Joel Hanley and loses puck.
16:59 of 2nd period - Slapshot by Tom Kuhnhackl.
16:59 of 2nd period - Shot Misses the Net.
17:01 of 2nd period - Slapshot by John Ramage.
17:01 of 2nd period - Stopped by John Gibson with a rebound.
17:03 of 2nd period - Slapshot by John Ramage.
17:03 of 2nd period - Shot Misses the Net.
17:05 of 2nd period - Snap shot by Darren Archibald.
17:05 of 2nd period - Shot Blocked by Ludwig Bystrom.
17:07 of 2nd period - Wrist shot by Darren Archibald.
17:07 of 2nd period - Shot Blocked by Ludwig Bystrom.
17:09 of 2nd period - Wrist shot by Darren Archibald.
17:09 of 2nd period - Deflect By Rod Pelley.
17:09 of 2nd period - Shot Blocked by Maxime Macenauer.
17:09 of 2nd period - Puck is out of play.
17:10 of 2nd period - Darren Archibald wins face-off versus Tyler Brown in Bears zone.
17:15 of 2nd period - Slapshot by Sena Acolatse.
17:15 of 2nd period - Shot Misses the Net.
17:17 of 2nd period - Snap shot by Tom Kuhnhackl.
17:17 of 2nd period - Stopped by John Gibson with a rebound.
17:19 of 2nd period - Snap shot by Rod Pelley.
17:19 of 2nd period - Stopped by John Gibson without a rebound.
17:20 of 2nd period - Jordan Martinook wins face-off versus Brett Sutter in Bears zone.
17:23 of 2nd period - Wrist shot by Justin Dowling.
17:23 of 2nd period - Shot Misses the Net.
17:25 of 2nd period - Snap shot by Chris Mueller.
17:25 of 2nd period - Stopped by John Gibson without a rebound.
17:26 of 2nd period - Jordan Martinook wins face-off versus Tyler Brown in Bears zone.
17:31 of 2nd period - Snap shot by Justin Dowling.
17:31 of 2nd period - Stopped by John Gibson with a rebound.
17:44 of 2nd period - Snap shot by Chris Mueller.
17:44 of 2nd period - Deflect By Jordan Martinook.
17:44 of 2nd period - Stopped by John Gibson with a rebound.
17:46 of 2nd period - Snap shot by Jordan Martinook.
17:46 of 2nd period - Stopped by John Gibson without a rebound.
17:47 of 2nd period - Chad LaRose wins face-off versus Matthew Ford in Bears zone.
17:47 of 2nd period - Chad LaRose is hit by Matthew Ford.
18:20 of 2nd period - Justin Florek beats up Garrett Thompson.
18:20 of 2nd period - Penalty to Garrett Thompson for Fighting.
18:20 of 2nd period - Garrett Thompson is ejected from game.
18:20 of 2nd period - Penalty to Justin Florek for Fighting.
18:20 of 2nd period - Penalty to Garrett Thompson for instigated a fight.
18:20 of 2nd period - Penalty to Garrett Thompson for instigated a fight.
18:21 of 2nd period - Jordan Martinook wins face-off versus Brett Sutter in Devils zone.
18:31 of 2nd period - Snap shot by Jeremy Langlois.
18:31 of 2nd period - Shot Misses the Net.
18:33 of 2nd period - Slapshot by Kyle Cumiskey.
18:33 of 2nd period - Stopped by Anthony Stolarz with a rebound.
18:35 of 2nd period - Snap shot by Jeremy Langlois.
18:35 of 2nd period - Goal by Jeremy Langlois - Bears : 1 - Devils : 1.
18:36 of 2nd period - Jordan Martinook wins face-off versus Brett Sutter in neutral zone.
19:35 of 2nd period - Maxime Macenauer is hit by Matthew Ford.
19:57 of 2nd period - Slapshot by Kevin Henderson.
19:57 of 2nd period - Stopped by Anthony Stolarz without a rebound.
19:58 of 2nd period - Yanni Gourde wins face-off versus Luke Adam in Devils zone.
Goals for this period are 1 for Bears vs 1 for Devils.
Shots for this period are 14 for Bears vs 17 for Devils.

3rd period


0:01 of 3rd period - Brett Sutter wins face-off versus Jordan Martinook in neutral zone.
0:22 of 3rd period - Wrist shot by Stefan Matteau.
0:22 of 3rd period - Stopped by Anthony Stolarz with a rebound.
0:52 of 3rd period - Matthew Ford is hit by Maxime Macenauer.
0:56 of 3rd period - Kevin Henderson is hit by Sean Collins and loses puck.
1:21 of 3rd period - Matthew Ford is hit by Tyler Brown and loses puck.
1:36 of 3rd period - Zach O'Brien is hit by Stefan Matteau and loses puck.
2:38 of 3rd period - Ludwig Bystrom is hit by Darren Archibald and loses puck.
3:13 of 3rd period - Snap shot by Justin Dowling.
3:13 of 3rd period - Stopped by John Gibson without a rebound.
3:14 of 3rd period - Matthew Ford wins face-off versus Brett Sutter in Bears zone.
3:29 of 3rd period - Brett Sutter beats up Matthew Ford.
3:29 of 3rd period - Penalty to Matthew Ford for Fighting.
3:29 of 3rd period - Penalty to Brett Sutter for Fighting.
3:30 of 3rd period - Luke Adam wins face-off versus Jordan Martinook in neutral zone.
3:55 of 3rd period - Snap shot by Chad LaRose.
3:55 of 3rd period - Shot Misses the Net.
3:57 of 3rd period - Slapshot by Ben Youds.
3:57 of 3rd period - Stopped by Anthony Stolarz with a rebound.
4:21 of 3rd period - Slapshot by Justin Florek.
4:21 of 3rd period - Shot Misses the Net.
4:23 of 3rd period - Slapshot by Maxim Noreau.
4:23 of 3rd period - Deflect By Jeremy Langlois.
4:23 of 3rd period - Shot Misses the Net.
4:23 of 3rd period - Puck is out of play.
4:24 of 3rd period - Sean Collins wins face-off versus Tyler Brown in Devils zone.
4:48 of 3rd period - Snap shot by Jeremy Langlois.
4:48 of 3rd period - Stopped by Anthony Stolarz without a rebound.
4:49 of 3rd period - Luke Adam wins face-off versus Yanni Gourde in Devils zone.
5:00 of 3rd period - Wrist shot by Yanni Gourde.
5:00 of 3rd period - Shot Misses the Net.
5:22 of 3rd period - Gabriel Beaupre is hit by Luke Adam and loses puck.
5:40 of 3rd period - Gabriel Beaupre is hit by Ludwig Bystrom and loses puck.
6:33 of 3rd period - Andreas Athanasiou is hit by Justin Dowling.
6:34 of 3rd period - Andreas Athanasiou from Bears is injured at 6:34 of 3rd period (Left Knee).
6:35 of 3rd period - Stefan Matteau wins face-off versus Jordan Martinook in Bears zone.
7:21 of 3rd period - Colin Miller is hit by Brad Mills and loses puck.
7:28 of 3rd period - Brad Mills is hit by Sean Collins and loses puck.
7:49 of 3rd period - Gabriel Beaupre beats up Tyler Brown.
7:49 of 3rd period - Penalty to Gabriel Beaupre for Fighting.
7:49 of 3rd period - Penalty to Tyler Brown for Fighting.
7:50 of 3rd period - Yanni Gourde wins face-off versus Stefan Matteau in Bears zone.
7:57 of 3rd period - Wrist shot by Yanni Gourde.
7:57 of 3rd period - Shot Misses the Net.
7:59 of 3rd period - Backhand shot by Colin Miller.
7:59 of 3rd period - Shot Blocked by Chad LaRose.
8:01 of 3rd period - Slapshot by John Ramage.
8:01 of 3rd period - Deflect By Luke Adam.
8:01 of 3rd period - Stopped by John Gibson with a rebound.
8:03 of 3rd period - Slapshot by Colin Miller.
8:03 of 3rd period - Deflect By Yanni Gourde.
8:03 of 3rd period - Stopped by John Gibson without a rebound.
8:04 of 3rd period - Zach O'Brien wins face-off versus Luke Adam in Bears zone.
8:09 of 3rd period - Slapshot by Colin Miller.
8:09 of 3rd period - Stopped by John Gibson without a rebound.
8:10 of 3rd period - Yanni Gourde wins face-off versus Chad LaRose in Bears zone.
8:37 of 3rd period - Slapshot by Zach O'Brien.
8:37 of 3rd period - Shot Misses the Net.
8:39 of 3rd period - Slapshot by John Ramage.
8:39 of 3rd period - Deflect By Zach O'Brien.
8:39 of 3rd period - Stopped by John Gibson with a rebound.
8:41 of 3rd period - Slapshot by Scooter Vaughan.
8:41 of 3rd period - Shot Misses the Net.
8:43 of 3rd period - Slapshot by John Ramage.
8:43 of 3rd period - Deflect By Chad LaRose.
8:43 of 3rd period - Stopped by John Gibson with a rebound.
8:55 of 3rd period - Jordan Martinook is hit by Luke Adam and loses puck.
9:07 of 3rd period - Stefan Matteau is hit by Jordan Martinook and loses puck.
9:24 of 3rd period - Snap shot by Chris Mueller.
9:24 of 3rd period - Stopped by John Gibson without a rebound.
9:25 of 3rd period - Matthew Ford wins face-off versus Brett Sutter in Bears zone.
9:46 of 3rd period - Snap shot by Justin Florek.
9:46 of 3rd period - Shot Misses the Net.
9:48 of 3rd period - Slapshot by Justin Florek.
9:48 of 3rd period - Stopped by Anthony Stolarz with a rebound.
9:50 of 3rd period - Slapshot by Brett Sutter.
9:50 of 3rd period - Stopped by Anthony Stolarz without a rebound.
9:51 of 3rd period - Darren Archibald wins face-off versus Brad Mills in Devils zone.
9:51 of 3rd period - Darren Archibald is hit by Brett Sutter.
10:22 of 3rd period - Snap shot by Brett Sutter.
10:22 of 3rd period - Stopped by Anthony Stolarz without a rebound.
10:23 of 3rd period - Jordan Martinook wins face-off versus Brett Sutter in Devils zone.
10:45 of 3rd period - Snap shot by Justin Dowling.
10:45 of 3rd period - Stopped by John Gibson without a rebound.
10:46 of 3rd period - Matthew Ford wins face-off versus Maxime Macenauer in Bears zone.
11:07 of 3rd period - Wrist shot by Darroll Powe.
11:07 of 3rd period - Stopped by John Gibson without a rebound.
11:08 of 3rd period - Jordan Martinook wins face-off versus Luke Adam in Bears zone.
11:12 of 3rd period - Minor Penalty to Luke Adam for Hooking.
11:13 of 3rd period - Chris Mueller wins face-off versus Chad LaRose in Bears zone.
11:13 of 3rd period - Slapshot by Justin Dowling.
11:13 of 3rd period - Stopped by John Gibson without a rebound.
11:14 of 3rd period - Chris Mueller wins face-off versus Chad LaRose in Bears zone.
12:43 of 3rd period - Ben Youds is hit by Matthew Ford and loses puck.
12:49 of 3rd period - Penalty to Tyler Brown is over, Tyler Brown is back on ice.
13:01 of 3rd period - Jordan Martinook is hit by Steve Oleksy and loses puck.
13:06 of 3rd period - Slapshot by Maxim Noreau.
13:06 of 3rd period - Shot Blocked by Joel Hanley.
13:12 of 3rd period - Kevin Henderson is hit by Chris Mueller and loses puck.
13:20 of 3rd period - 10 Minutes Misconduct Penalty to Garrett Thompson is over.
13:25 of 3rd period - Sena Acolatse is hit by Kevin Henderson and loses puck.
13:42 of 3rd period - Snap shot by Zach O'Brien.
13:42 of 3rd period - Shot Misses the Net.
13:44 of 3rd period - Slapshot by John Ramage.
13:44 of 3rd period - Stopped by John Gibson without a rebound.
13:45 of 3rd period - Brett Sutter wins face-off versus Darren Archibald in Bears zone.
13:45 of 3rd period - Brett Sutter is hit by John Ramage.
14:48 of 3rd period - Snap shot by Darroll Powe.
14:48 of 3rd period - Shot Misses the Net.
15:23 of 3rd period - Maxim Noreau is hit by John Ramage and loses puck.
15:27 of 3rd period - Icing by Kyle Cumiskey.
15:28 of 3rd period - Jordan Martinook wins face-off versus Luke Adam in Bears zone.
16:25 of 3rd period - Maxime Macenauer is hit by Darren Archibald and loses puck.
17:05 of 3rd period - Off-side.
17:06 of 3rd period - Matthew Ford wins face-off versus Luke Adam in neutral zone.
17:14 of 3rd period - Snap shot by Chad LaRose.
17:14 of 3rd period - Shot Misses the Net.
18:17 of 3rd period - Icing by Ben Youds.
18:18 of 3rd period - Darren Archibald wins face-off versus Luke Adam in Bears zone.
18:40 of 3rd period - Snap shot by Darren Archibald.
18:40 of 3rd period - Deflect By Stefan Matteau.
18:40 of 3rd period - Stopped by John Gibson with a rebound.
18:42 of 3rd period - Slapshot by Darren Archibald.
18:42 of 3rd period - Stopped by John Gibson with a rebound.
18:44 of 3rd period - Snap shot by Rod Pelley.
18:44 of 3rd period - Deflect By Darren Archibald.
18:44 of 3rd period - Shot Misses the Net.
18:44 of 3rd period - Puck is out of play.
18:45 of 3rd period - Maxime Macenauer wins face-off versus Matthew Ford in Bears zone.
18:45 of 3rd period - Maxime Macenauer is hit by Matthew Ford.
19:13 of 3rd period - Maxim Noreau is hit by Darroll Powe and loses puck.
Goals for this period are 0 for Bears vs 0 for Devils.
Shots for this period are 6 for Bears vs 13 for Devils.

Overtime #1


0:01 of 1st overtime period - Chad LaRose wins face-off versus Justin Dowling in neutral zone.
0:04 of 1st overtime period - Slapshot by Maxim Noreau.
0:04 of 1st overtime period - Shot Blocked by Justin Dowling.
1:27 of 1st overtime period - Tyler Brown is hit by Justin Dowling and loses puck.
1:42 of 1st overtime period - Snap shot by Ben Youds.
1:42 of 1st overtime period - Shot Misses the Net.
1:59 of 1st overtime period - Ben Youds is hit by Tom Kuhnhackl and loses puck.
2:36 of 1st overtime period - Snap shot by Stefan Matteau.
2:36 of 1st overtime period - Deflect By Chad LaRose.
2:36 of 1st overtime period - Stopped by Anthony Stolarz with a rebound.
3:04 of 1st overtime period - Slapshot by Kevin Henderson.
3:04 of 1st overtime period - Stopped by Anthony Stolarz without a rebound.
3:05 of 1st overtime period - Justin Dowling wins face-off versus FARM PLAYER12 in Devils zone.
3:10 of 1st overtime period - Wrist shot by Justin Dowling.
3:10 of 1st overtime period - Shot Misses the Net.
3:25 of 1st overtime period - Icing by Colin Miller.
3:26 of 1st overtime period - Tom Kuhnhackl wins face-off versus Chad LaRose in Devils zone.
3:56 of 1st overtime period - Snap shot by Stefan Matteau.
3:56 of 1st overtime period - Stopped by Anthony Stolarz without a rebound.
3:57 of 1st overtime period - Tyler Brown wins face-off versus Justin Dowling in Devils zone.
4:24 of 1st overtime period - Wrist shot by Chad LaRose.
4:24 of 1st overtime period - Stopped by Anthony Stolarz with a rebound.
4:42 of 1st overtime period - Gabriel Beaupre is hit by Brett Sutter.
4:46 of 1st overtime period - Kyle Cumiskey is hit by Justin Dowling.
Goals for this period are 0 for Bears vs 0 for Devils.
Shots for this period are 4 for Bears vs 0 for Devils.

ShootOut


5:00 of 1st overtime period - Penalty Shot by Jeremy Langlois for Bears.
5:00 of 1st overtime period - Deke by Jeremy Langlois.
5:00 of 1st overtime period - Stopped by Anthony Stolarz.
5:00 of 1st overtime period - Penalty Shot by Tom Kuhnhackl for Devils.
5:00 of 1st overtime period - Wrist shot by Tom Kuhnhackl.
5:00 of 1st overtime period - Goal by Tom Kuhnhackl.
5:00 of 1st overtime period - Penalty Shot by Stefan Matteau for Bears.
5:00 of 1st overtime period - Snap shot by Stefan Matteau.
5:00 of 1st overtime period - Goal by Stefan Matteau.
5:00 of 1st overtime period - Penalty Shot by Justin Dowling for Devils.
5:00 of 1st overtime period - Backhand shot by Justin Dowling.
5:00 of 1st overtime period - Stopped by John Gibson.
5:00 of 1st overtime period - Penalty Shot by Brett Sutter for Bears.
5:00 of 1st overtime period - Backhand shot by Brett Sutter.
5:00 of 1st overtime period - Stopped by Anthony Stolarz.
5:00 of 1st overtime period - Penalty Shot by Chris Mueller for Devils.
5:00 of 1st overtime period - Snap shot by Chris Mueller.
5:00 of 1st overtime period - Stopped by John Gibson.
5:00 of 1st overtime period - Penalty Shot by Justin Florek for Bears.
5:00 of 1st overtime period - Wrist shot by Justin Florek.
5:00 of 1st overtime period - Stopped by Anthony Stolarz.
5:00 of 1st overtime period - Penalty Shot by Jordan Martinook for Devils.
5:00 of 1st overtime period - Wrist shot by Jordan Martinook.
5:00 of 1st overtime period - Stopped by John Gibson.
5:00 of 1st overtime period - Penalty Shot by Chad LaRose for Bears.
5:00 of 1st overtime period - Wrist shot by Chad LaRose.
5:00 of 1st overtime period - Goal by Chad LaRose.
5:00 of 1st overtime period - Penalty Shot by Matthew Ford for Devils.
5:00 of 1st overtime period - Snap shot by Matthew Ford.
5:00 of 1st overtime period - Stopped by John Gibson.